 Dungeon Crawl Stone Soup version 0.26.0-41-g79a4fc7684 (webtiles) character file.

Game seed: 13038876018705157785

2986 teolandon225 the Covert (level 9, -4/39 HPs)
             Began as a Spriggan Enchanter on Jan 26, 2021.
             Was a Follower of Dithmenos.
             Killed from afar by a gargoyle (14 damage)
             ... with a stone arrow
             ... on level 7 of the Dungeon.
             The game lasted 00:18:00 (12181 turns).

teolandon225 the Covert (Spriggan Enchanter)       Turns: 12181, Time: 00:18:00

Health: -4/39      AC:  3    Str: 10    XL:     9   Next: 53%
Magic:  4/14       EV: 24    Int: 19    God:    Dithmenos [*.....]
Gold:   440        SH:  0    Dex: 17    Spells: 5/13 levels left

rFire    . . .     SeeInvis +   h - +2 dagger (drain)
rCold    . . .     Faith    .   (shield restricted)
rNeg     . . .     Spirit   .   o - +0 robe {Will+}
rPois    .         Reflect  .   (helmet restricted)
rElec    .         Harm     .   r - +0 cloak
rCorr    .         Rampage  .   (gloves unavailable)
Will     ++...                  (boots unavailable)
Stlth    ++++++....             p - amulet of regeneration
HPRegen  0.53/turn              i - +6 ring of strength
MPRegen  0.14/turn              (no ring)

@: wreathed by umbra, very quick
A: very small, unfitting armour, see invisible, speed 3
a: Renounce Religion


You were on level 7 of the Dungeon.
You worshipped Dithmenos.
Dithmenos was aware of your devotion.
You visited 2 branches of the dungeon, and saw 8 of its levels.
You also visited: Sewer.

You collected 440 gold pieces.

Inventory:

Hand Weapons
 a - a +1 dagger
 h - a +2 dagger of draining (weapon)
Armour
 b - a +0 robe
 e - a cursed +0 buckler
 o - a +0 robe of willpower (worn)
 r - a +0 cloak (worn)
Jewellery
 i - a +6 ring of strength (left hand)
 p - an amulet of regeneration (around neck)
Wands
 t - a wand of random effects (12)
 w - a wand of polymorph (5)
 B - a wand of iceblast (10)
Scrolls
 c - a scroll of remove curse
 d - 10 scrolls of identify
 j - 3 scrolls of teleportation
 k - 2 scrolls of amnesia
 m - 3 scrolls of magic mapping
 n - a scroll of fog {unknown}
 y - a scroll of enchant armour {unknown}
Potions
 f - 2 potions of curing
 g - 2 potions of ambrosia {unknown}
 l - 2 potions of invisibility {unknown}
 q - a potion of flight {unknown}
 s - a potion of heal wounds {unknown}
 u - a potion of might {unknown}
 v - a potion of berserk rage {unknown}
 x - a potion of brilliance {unknown}
 z - a potion of lignification {unknown}
 A - a potion of mutation {unknown}


   Skills:
 - Level 1.1 Short Blades
 + Level 8.9 Dodging
 * Level 13.2 Stealth
 - Level 2.6 Spellcasting
 * Level 10.6 Hexes


You had 5 spell levels left.
You knew the following spells:

 Your Spells              Type           Power        Failure   Level
e - Tukima's Dance        Hex            43%          1%          3
q - Ensorcelled Hibernat  Hex/Ice        44%          2%          2
w - Confusing Touch       Hex            43%          1%          3

Your spell library contained the following spells:

 Spells                   Type           Power        Failure   Level
 Corona                   Hex            47%          1%          1
 Dazzling Flash           Conj/Hex       44%          5%          3


Dungeon Overview and Level Annotations

Branches:
Dungeon (7/15)             Temple (1/1) D:6           Sewer (visited)

Altars:
Ashenzari
Dithmenos
Elyvilon
Fedhas
Gozag
Hepliaklqana
Kikubaaqudgha
Makhleb
Nemelex Xobeh
Okawaru
Qazlal
Ru
Trog
Uskayaw
Vehumet
Wu Jian
Xom
Yredelemnul
Zin
The Shining One

Shops:
D:5 (

Annotations:
D:6 exclusion: downstairs


Innate Abilities, Weirdness & Mutations

You are very small and have problems with some larger weapons.
You are too small for most types of armour.
You have supernaturally acute eyesight. (SInv)
You cover ground extremely quickly.


Message History

Aiming: Ensorcelled Hibernation (safe; 2% risk of failure)
Press: ? - help, Shift-Dir - straight line, f - orc wizard
Aim: an orc wizard, wielding a +0 dagger and wearing a +0 robe (chance to affect: 51%)
The orc wizard looks drowsy...
Casting: Ensorcelled Hibernation (safe; 2% risk of failure)
Confirm with . or Enter, or press ? or * to list all spells.
You can't see any susceptible monsters within range! (Use Z to cast anyway.)
You see here a quokka corpse.
The helpless orc wizard fails to defend itself.
You skewer the orc wizard like a kebab!!!
You kill the orc wizard!
Dithmenos accepts your kill.
The gargoyle hurls a stone arrow at you.
The stone arrow hits you!!
Ouch! That really hurt!
* * * LOW HITPOINT WARNING * * *
You feel better.
The gargoyle hurls a stone arrow at you.
The stone arrow hits you!
You die...

#...# #..# #.####.#.#.#.#....
#.#.## #..# #.##...#..........
#.#..# #..# #.##.#####.#.#.###
..#..###..# #.................
.#.#...##..#
####.#####.#.#.###
....#.#.##..# #.# #.#.#.### #.
..#.#..#..# #.# #.#.#.... .#
#...##.#..######.#####.....###
....##.#..9)†@.............#
..........#######.#########.#
.###.##.#.# #.# #.# . #. #.#(#
#.# ..# .o#^##..r#######.# ###
#......(.(.....#.#
..#......#####.#.#
(#####...#####. >#
...............


You could see a gargoyle.

Vanquished Creatures
  Sigmund (D:2)
  A water moccasin (Sewer)
  2 orc warriors
  2 sky beasts
  An ogre (D:6)
  A centaur (D:7)
  A big kobold (D:4)
  3 bullfrogs
  7 wights (D:6)
  6 killer bees
  3 howler monkeys
  Crazy Yiuf (D:2)
  A gnoll shaman (D:6)
  A centaur skeleton (D:4)
  5 hounds
  4 orc priests
  10 orc wizards
  Jessica (D:2)
  Ijyb (D:4)
  An iguana (D:6)
  4 worker ants
  2 worker ant zombies (D:7)
  Robin (D:4)
  12 gnolls
  A river rat (D:4)
  6 adders
  2 shadow imps (D:6)
  A white imp (D:6)
  An ufetubus (D:3)
  An adder zombie (D:6)
  A dart slug (D:3)
  7 leopard geckos
  21 orcs
  2 ball pythons
  6 giant cockroaches
  14 goblins
  12 hobgoblins
  3 jackals
  3 quokkas
  19 bats
  6 frilled lizards
  33 kobolds
  8 rats
219 creatures vanquished.

Vanquished Creatures (collateral kills)
  3 wights (D:6)
  An orc (D:6)
4 creatures vanquished.

Vanquished Creatures (others)
  A dancing weapon (D:7)
  54 plants
55 creatures vanquished.

Grand Total: 278 creatures vanquished

Notes
Turn   | Place    | Note
-------+----------+-------------------------------------------
     0 | D:1      | teolandon225 the Spriggan Enchanter began the quest for the
                  | Orb.
     0 | D:1      | Reached XP level 1. HP: 9/9 MP: 5/5
   384 | D:1      | Reached XP level 2. HP: 13/13 MP: 4/6
   593 | D:1      | Learned a level 2 spell: Ensorcelled Hibernation
   816 | D:1      | Reached skill level 5 in Stealth
  1627 | D:2      | Reached XP level 3. HP: 13/15 MP: 5/8
  1637 | D:2      | Learned a level 3 spell: Confusing Touch
  2014 | D:2      | Reached XP level 4. HP: 21/21 MP: 2/9
  2074 | D:2      | Noticed a sky beast
  2083 | D:2      | Killed a sky beast
  2084 | D:2      | Reached skill level 6 in Stealth
  2084 | D:2      | Reached skill level 5 in Hexes
  2084 | D:2      | Reached XP level 5. HP: 24/24 MP: 7/10
  2111 | D:2      | Learned a level 3 spell: Tukima's Dance
  2240 | D:2      | Found a runed translucent door.
  2241 | D:2      | Noticed Crazy Yiuf
  2273 | D:2      | Noticed Sigmund
  2511 | D:2      | Killed Sigmund
  2512 | D:2      | Reached skill level 7 in Stealth
  2512 | D:2      | Reached XP level 6. HP: 28/28 MP: 6/11
  2555 | D:2      | Noticed Jessica
  2560 | D:2      | Killed Jessica
  2561 | D:2      | Reached skill level 5 in Dodging
  3238 | D:2      | Killed Crazy Yiuf
  3239 | D:2      | Reached skill level 8 in Stealth
  4454 | D:4      | Found a sacrificial altar of Ru.
  4457 | D:4      | Noticed Robin
  4487 | D:4      | Found a glowing drain.
  4528 | Sewer    | Entered a sewer
  4663 | Sewer    | Noticed a water moccasin
  4670 | Sewer    | Killed a water moccasin
  4671 | Sewer    | Reached XP level 7. HP: 32/32 MP: 12/12
  4728 | D:4      | Noticed Ijyb
  4736 | D:4      | Killed Ijyb
  4740 | D:4      | Reached skill level 9 in Stealth
  5184 | D:4      | Killed Robin
  6686 | D:4      | Reached skill level 10 in Stealth
  6940 | D:5      | Entered Level 5 of the Dungeon
  6947 | D:5      | Reached XP level 8. HP: 36/36 MP: 13/13
  7046 | D:5      | Found an ornate altar of the Wu Jian Council.
  7051 | D:5      | Noticed a spectral centipede
  7051 | D:5      | Noticed a spectral black mamba
  7095 | D:5      | Found Xoytais's Weapon Boutique.
  8645 | D:6      | Reached skill level 11 in Stealth
  9268 | D:6      | Found a staircase to the Ecumenical Temple.
  9319 | Temple   | Entered the Ecumenical Temple
  9480 | Temple   | Became a worshipper of Dithmenos the Shadowed
  9594 | D:6      | Reached skill level 12 in Stealth
  9646 | D:6      | Found a stormy altar of Qazlal.
  9727 | D:6      | Reached XP level 9. HP: 27/39 MP: 9/14
 10962 | D:6      | Reached skill level 10 in Hexes
 11932 | D:6      | Reached * piety under Dithmenos
 12022 | D:7      | Reached skill level 13 in Stealth
 12174 | D:7      | Noticed a gargoyle
 12181 | D:7      | Killed from afar by a gargoyle

Illustrated notes

Levels and vault maps discovered:
D:1:      saegor_arrival_simple_c, layout_basic, serial_bayou_crossing
D:2:      layout_basic, uniq_crazy_yiuf_cottage, uniq_sigmund, uniq_jessica
D:3:      minmay_angry_zag, layout_rooms
D:4:      kennysheep_kobold_camp, layout_basic, portal_sewer_entry_c,
          nicolae_ru_awakened_eye, uniq_ijyb, uniq_robin
D:5:      layout_basic, pdpol_wu_jian_five_deadly_venoms, serial_shops, shop
D:6:      layout_gridville, marbit_many_paths, minmay_temple_entry_tees,
          grunt_ministairs_15
D:7:      layout_basic, nicolae_overflow_hidden_temple, kb_rosetta
Temple:   hc_temple_tempest_star

Skill      XL: |  1  2  3  4  5  6  7  8  9 |
---------------+----------------------------+-----
Hexes          | 4 5 6 7 9 10 | 10.6
Stealth        | 5 6 7 8 10 12 13 | 13.2
Dodging        | 4 5 6 8 |  8.9
Short Blades   | |  1.1
Spellcasting   | |  2.6

Action                   |  1- 3 |  4- 6 |  7- 9 || total
-------------------------+-------+-------+-------++-------
Melee: Dagger            |    70 |    78 |   313 ||   461
 Cast: Corona            |     5 |       |       ||     5
       Ensorcelled Hiber |    31 |    48 |   162 ||   241
       Confusing Touch   |       |     2 |    19 ||    21
       Tukima's Dance    |       |       |    14 ||    14
  Use: Scroll            |       |     5 |     5 ||    10
       Potion            |       |       |     1 ||     1
 Stab: Sleeping          |    24 |    40 |    97 ||   161
       Confused          |       |     1 |     8 ||     9
Armor: Robe              |    14 |    21 |    18 ||    53
Dodge: Dodged            |    70 |   125 |   292 ||   487
